 Dungeon Crawl Stone Soup version 0.27-a0-1087-gf39c287674 (webtiles) character file.

Game seed: 9024413110260452341

35 oxid the Skirmisher (level 3, 0/29 HPs)
             Began as a Demonspawn Berserker on Apr 27, 2021.
             Was a Follower of Trog.
             Succumbed to an adder's poison
             ... on level 2 of the Dungeon.
             The game lasted 00:04:40 (1674 turns).

oxid the Skirmisher (Demonspawn Berserker)          Turns: 1674, Time: 00:04:40

Health: 0/29       AC:  2    Str: 18    XL:     3   Next: 16%
Magic:  4/4        EV: 27    Int:  8    God:    Trog [*.....]
Gold:   32         SH:  0    Dex: 12    Spells: 4/4 levels left

rFire    . . .     SeeInvis .   a - +0 spear
rCold    . . .     Faith    .   (no shield)
rNeg     . . .     Spirit   .   b - +0 animal skin
rPois    .         Reflect  .   (no helmet)
rElec    .         Harm     .   (no cloak)
rCorr    .         Rampage  .   (no gloves)
Will     .....                  (no boots)
Stlth    +.........             d - amulet of the acrobat
HPRegen  0.09/turn              (no ring)
MPRegen  0.09/turn              (no ring)

@: lethally poisoned (0 -> -1), on berserk cooldown, acrobatic, slowed, very
slow
A: claws 2
a: Renounce Religion, Berserk


You were on level 2 of the Dungeon.
You worshipped Trog.
Trog was aware of your devotion.
You visited 1 branch of the dungeon, and saw 2 of its levels.

You collected 32 gold pieces.

Inventory:

Hand Weapons
 a - a +0 spear (weapon)
 c - a +0 hand crossbow
Armour
 b - a +0 animal skin (worn)
Jewellery
 d - an amulet of the acrobat (around neck)
Scrolls
 k - a scroll of identify
 l - a scroll of fear {unknown}
Potions
 e - a potion of cancellation
 f - a potion of degeneration {unknown}
 g - a potion of attraction {unknown}
 h - a potion of mutation {unknown}
 i - a potion of lignification {unknown}
 j - a potion of curing {unknown}


   Skills:
 + Level 3.2 Fighting
 + Level 3.0 Polearms
 + Level 2.1 Armour
 + Level 2.1 Dodging
 + Level 1.0 Spellcasting


You had 4 spell levels left.
You didn't know any spells.
Your spell library was empty.

Dungeon Overview and Level Annotations

Branches:
Dungeon (2/15)

Altars:


Innate Abilities, Weirdness & Mutations

You have very sharp fingernails.


Message History

The adder is almost dead.
You feel sick. The adder bites you but does no damage.
You miss the adder.
The adder is almost dead.
You feel sick. The adder bites you.
* * * LOW HITPOINT WARNING * * *
You are lethally poisoned!
The adder poisons you!
You puncture the adder!
You kill the adder!
Trog accepts your kill.
* * * LOW HITPOINT WARNING * * *
You feel sick.
Trog does not appreciate your training of magic skills! x2
You feel a little guilty.
Your Polearms skill increases to level 3!
Your Spellcasting skill increases to level 1!
You have reached level 3!
Your experience leads to an increase in your attributes!
Increase (S)trength, (I)ntelligence, or (D)exterity?
You feel stronger.
Your demonic ancestry asserts itself...
Your fingernails sharpen.
You don't know any spells.
You feel sick.
You see here a dart slug corpse.
Okay, then.
You feel a strong urge to attack something.
You feel sick.
You feel sick.
You feel your anger nearly subside.
You are no longer berserk.
You pass out from exhaustion.
You feel yourself slow down.
* * * LOW HITPOINT WARNING * * *
You feel sick.
You can move again.
You don't know any spells.
Okay, then.
* * * LOW HITPOINT WARNING * * *
You feel sick.
You die...

#.# #..##..>
#.####..#..#..##
#†........###..
#..#.......#..#
#.............##
##.#.....##....
#.#.....##..#
#.###.####..########
#.# #.......@.......
#.# ######..####.#..
#.†####.# #†......#
#.####### ......†.#
#########


There were no monsters in sight!

Vanquished Creatures
  An adder (D:2)
  A dart slug (D:2)
  6 bats
  An endoplasm (D:1)
  A giant cockroach (D:1)
  A hobgoblin (D:1)
  2 quokkas (D:2)
  2 ball pythons
  3 frilled lizards (D:1)
  4 kobolds
  2 rats
24 creatures vanquished.

Notes
Turn   | Place    | Note
-------+----------+-------------------------------------------
     0 | D:1      | oxid the Demonspawn Berserker began the quest for the Orb.
     0 | D:1      | Reached XP level 1. HP: 18/18 MP: 1/1
   482 | D:1      | Gained mutation: You have sharp fingernails. [demonic
                  | ancestry]
   482 | D:1      | Reached XP level 2. HP: 19/24 MP: 2/2
  1065 | D:1      | Found a faded altar of an unknown god.
  1668 | D:2      | Reached skill level 1 in Spellcasting
  1668 | D:2      | Gained mutation: You have very sharp fingernails. [demonic
                  | ancestry]
  1668 | D:2      | Reached XP level 3. HP: 8/29 MP: 4/4
  1673 | D:2      | HP: 1/29 [poisoned by an adder]
  1674 | D:2      | Succumbed to an adder's poison

Illustrated notes

Levels and vault maps discovered:
D:1:      nzn_arrival_depleted_hourglass, layout_loops_corners,
          basic_ecumenical_altar
D:2:      layout_loops_ring, uniq_jessica

Skill      XL: |  1  2 |
---------------+-------+-----
Armour         | 2 |  2.1
Dodging        | 2 |  2.1
Polearms       | 3 |  3.0
Spellcasting   | 1 |  1.0
Fighting       | |  3.2

Action                   || total
-------------------------++-------
Melee: Spear             ||    84
Invok: Berserk           ||     1
  Use: Scroll            ||     3
 Stab: Sleeping          ||     2
Armor: Animal skin       ||    14
Dodge: Dodged            ||    84

Table legend: (Time is in decaauts)
 A = Elapsed time spent in this place.
 B = Non-inter-level travel time spent in this place.
 C = Inter-level travel time spent in this place.
 D = Time resting spent in this place.
 E = Time spent auto-exploring this place.
 F = Levels seen in this place.
 G = Mean time per level.
                   A        B        C        D        E       F      G
               +--------+--------+--------+--------+--------+-----+--------+
         Total |   1666 |   1666 |      0 |    179 |    991 |   2 |  833.0 |
       Dungeon |   1666 |   1666 |      0 |    179 |    991 |   2 |  833.0 |
               +--------+--------+--------+--------+--------+-----+--------+

Top non-repeatable levels by time:
     D:1: 1245 daAuts
     D:2: 421 daAuts
